 Dungeon Crawl Stone Soup version 0.23.0-38-g208d714 (webtiles) character file.

Game seed: 0

131938 JeffiDaFish the Severer (level 16, -2/228 HPs)
             Began as a Minotaur Berserker on Feb 26, 2019.
             Was the Champion of Trog.
             Succumbed to a merfolk impaler's poison
             ... on level 1 of the Shoals on Feb 28, 2019.
             The game lasted 01:12:58 (28912 turns).

JeffiDaFish the Severer (Minotaur Berserker)       Turns: 28912, Time: 01:12:59

Health: -2/228     AC: 21    Str: 44    XL:     16   Next: 56%
Magic:  5/5        EV: 16    Int:  4    God:    Trog [******]
Gold:   398        SH:  4    Dex: 10    Spells: 15/15 levels left

rFire    . . .     SeeInvis .   I - +9 executioner's axe (antimagic)
rCold    . . .     Gourm    .   (shield currently unavailable)
rNeg     . . .     Faith    .   t - +3 chain mail {MR+}
rPois    .         Spirit   .   z - +2 hat of Surprise {*Corrode Regen+ Str+5}
rElec    .         Reflect  +   r - +1 cloak
rCorr    .         Harm     .   e - +0 pair of gloves
MR       +++..                  x - +0 pair of boots
Stlth    ..........             F - +4 amulet of reflection
HPRegen  0.88/turn              G - ring of protection from magic
MPRegen  0.09/turn              n - +5 ring of strength

@: berserking (expiring), lethally poisoned (-2 -> -58), corroded, studying 2
skills, very quick
A: retaliatory headbutt, horns 2
a: Berserk, Trog's Hand, Brothers in Arms, Renounce Religion


You were on level 1 of the Shoals.
You worshipped Trog.
Trog was exalted by your worship.
You were very hungry.

You visited 5 branches of the dungeon, and saw 27 of its levels.
You also visited: Sewer.

You collected 2873 gold pieces.
You spent 2475 gold pieces at shops.

Inventory:

Hand Weapons
 I - a +9 antimagic executioner's axe (weapon)
 O - the +7 flail "Embalmer" {venom, +Rage rC++ Str+4}
   (You found it on level 2 of the Snake Pit)

   It poisons the flesh of those it strikes.
   It affects your strength (+4).
   It greatly protects you from cold.
   It lets you go berserk.
Armour
 e - a +0 pair of gloves (worn)
 r - a +1 cloak (worn)
 t - a +3 chain mail of magic resistance (worn)
 x - a +0 pair of boots (worn)
 z - the +2 hat of Surprise (worn) {*Corrode Regen+ Str+5}
   (You acquired it on level 11 of the Dungeon)

   It affects your strength (+5).
   It increases your rate of regeneration.
   It may corrode you when you take damage.
Jewellery
 b - a +1 ring of evasion
 n - a +5 ring of strength (right hand)
 F - a +4 amulet of reflection (around neck)
 G - a ring of protection from magic (left hand)
 L - an uncursed ring of poison resistance
 N - the amulet "Hoos" {Acrobat +Blink rN+}
   (You found it on level 2 of the Snake Pit)

   [amulet of the acrobat]

   It helps you evade while moving and waiting.
   It protects you from negative energy.
   It lets you blink.
 P - a cursed -3 ring of protection {unknown}
Wands
 o - a wand of clouds (3)
 s - a wand of disintegration (11)
 w - a wand of iceblast (20)
 y - a wand of acid (14)
 B - a wand of digging (6)
 H - a wand of polymorph (8)
Scrolls
 d - 4 scrolls of identify
 g - 9 scrolls of fear
 h - 7 scrolls of fog
 i - 3 scrolls of enchant armour
 j - 13 scrolls of remove curse
 k - 8 scrolls of teleportation
 l - 3 scrolls of enchant weapon
 m - 2 scrolls of summoning
 q - 4 scrolls of magic mapping
 A - 4 scrolls of blinking
Potions
 a - 5 potions of heal wounds
 f - 6 potions of might
 p - 6 potions of agility
 u - 14 potions of curing
 v - 5 potions of haste
 C - 5 potions of flight
 D - 2 potions of brilliance
 J - a potion of resistance
 M - a potion of berserk rage
Books
 E - a manual of Staves
 K - a manual of Maces & Flails
Comestibles
 c - 60 rations


   Skills:
 + Level 16.4 Fighting
 * Level 20.6 Axes
 * Level 16.6 Armour
 + Level 14.2 Dodging


You had 15 spell levels left.
You didn't know any spells.
Your spell library was empty.

Dungeon Overview and Level Annotations

Branches:
Dungeon (15/15)            Temple (0/1) D:7            Lair (6/6) D:10
 Shoals (1/4) Lair:2        Snake (3/4) Lair:3        Slime (0/5) Lair:5
    Orc (2/2) D:11            Elf (0/3) Orc:2        Vaults (0/5) D:13
 Depths (0/5) D:15

Altars:
Cheibriados
Dithmenos
Gozag
Makhleb
Qazlal
Ru
Uskayaw
Xom
The Shining One
Beogh
Jiyva

Shops:
D:4 ((   D:8 [   D:13 (   Orc:1 }:   Orc:2 :!?!

Annotations:
D:9 3 runed translucent doors, bande's ghost, novice GrFi
D:10 1 runed translucent door
D:12 exclusions: oklob plant and oklob sapling
Snake:1 3 runed translucent doors, Nova322's ghost, adept MiBe


Innate Abilities, Weirdness & Mutations

You reflexively headbutt those who attack you in melee.
You have a pair of horns on your head.


Message History

The merfolk throws a tomahawk of returning.
The tomahawk of returning hits you but does no damage.
The weapon returns to the merfolk!
A red film seems to cover your vision as you go berserk!
You feel yourself moving faster!
You feel mighty!
You are feeling very hungry.
* * * LOW HITPOINT WARNING * * *
You feel extremely sick. The sea snake closely misses you.
You furiously retaliate!
You headbutt the sea snake! The merfolk impaler misses you.
The merfolk throws a tomahawk of returning.
The tomahawk of returning hits you but does no damage.
The weapon returns to the merfolk!
You feel a strong urge to attack something.
* * * LOW HITPOINT WARNING * * *
You feel very sick.
The merfolk javelineer throws a javelin.
The javelin hits you but does no damage.
You see here a javelin.
You die...

P.≈≈≈≈≈≈≈≈≈ P
.≈≈≈≈≈≈≈≈≈ ≈.
#....≈≈≈≈# ≈..
#.≈..≈≈≈#
....###..≈≈≈.≈#
...C........≈≈#
......†≈≈.#.≈≈##
.....Y.S(@.≈≈≈≈#
...≈≈≈m.≈..≈≈≈≈≈8
##..≈≈≈≈≈≈≈≈≈≈≈##
#.≈≈≈≈≈≈≈≈≈≈.##
..P≈≈≈≈≈≈≈≈...#
..≈≈P≈....≈...#
≈..≈≈.....≈≈.m#
P≈PP≈≈≈≈.m≈≈..≈


You could see a merfolk impaler, a merfolk javelineer, a sea snake, a merfolk, a
cyclops and a dream sheep.

Vanquished Creatures
  4 nagarajas (Snake:2)
  A frost giant (D:15)
  Louise (D:15)
  Nessos (D:12)
  4 dire elephants (Lair:6)
  Harold (Orc:1)
  3 naga warriors
  5 vault guards (D:13)
  Erolcha (Orc:2)
  8 anacondas
  11 hydras
  6 centaur warriors
  A death knight (D:14)
  6 two-headed ogres
  4 tengu warriors
  An orc high priest (Orc:2)
  Urug (Orc:1)
  Sonja (D:10)
  4 shock serpents
  6 naga sharpshooters
  4 skeletal warriors (D:13)
  2 salamander mystics
  A sea snake (Snake:2)
  A glowing orange brain (D:14)
  A wizard (D:14)
  4 naga ritualists
  The ghost of Gadfly the Cudgeler, a novice TrBe of Trog (D:7)
  A lindwurm (Lair:6)
  Pikel (D:9)
  2 wolf spiders
  3 deep elf magi (D:14)
  6 mana vipers
  A wolf spider zombie (D:14)
  5 orc sorcerers (Orc:2)
  9 salamanders
  A manticore (D:12)
  6 ugly things
  8 cyclopes
  A guardian serpent (Snake:3)
  18 black mambas
  A merfolk siren (Lair:2)
  14 naga magi
  Psyche (D:8)
  9 elephants (Lair:6)
  Joseph (D:8)
  8 spiny frogs
  A gargoyle (D:12)
  A kobold demonologist (D:14)
  2 rime drakes
  7 komodo dragons
  An efreet (D:14)
  2 freezing wraiths
  A tengu conjurer (D:15)
  A polar bear (Lair:5)
  6 trolls
  13 blink frogs
  14 hippogriffs
  3 dream sheep
  A vampire (D:14)
  32 yaks
  2 wraiths (D:14)
  6 humans (D:13)
  3 basilisks
  3 wyverns
  A hungry ghost (D:9)
  Menkaure (D:5)
  2 wargs (Orc:1)
  29 nagas
  6 soldier ants (D:10)
  2 acid dragons
  8 water moccasins
  5 porcupines
  23 orc warriors
  6 sky beasts
  4 slaves (D:9)
  Purgy (Sewer)
  2 eyes of draining
  A necrophage (D:11)
  2 black bears
  9 ogres
  2 ice beasts
  2 phantoms
  4 boggarts (D:14)
  5 wolves
  12 centaurs
  10 crocodiles
  7 big kobolds
  21 bullfrogs
  A wyvern skeleton (D:14)
  A scorpion (D:7)
  18 killer bees
  6 howler monkeys
  An electric eel (Lair:2)
  9 crimson imps
  3 quasits
  A wyvern simulacrum (D:14)
  5 centaur zombies
  12 hounds
  5 jellies
  Crazy Yiuf (D:5)
  22 orc priests
  5 iguanas
  44 orc wizards
  Terence (D:3)
  5 centaur skeletons
  A gnoll shaman (D:6)
  16 worker ants
  A killer bee zombie (D:7)
  A hound zombie (D:6)
  A howler monkey zombie (D:9)
  19 gnolls
  A worker ant zombie (D:7)
  21 adders
  A river rat (D:4)
  4 shadow imps
  A worker ant simulacrum (D:7)
  3 oozes
  An adder zombie (D:9)
  2 adder skeletons
  3 worms (D:3)
  2 dart slugs
  6 leopard geckos
  112 orcs
  13 bats
  6 giant cockroaches
  4 hobgoblins
  13 jackals
  4 quokkas
  7 ball pythons
  15 frilled lizards
  5 goblins
  2 jackal skeletons (D:4)
  16 kobolds
  2 leopard gecko skeletons
  A quokka skeleton (D:9)
  A quokka zombie (D:6)
  7 rats
  5 fungi
  7 plants
888 creatures vanquished.

Vanquished Creatures (collateral kills)
  The ghost of Tew the Severer, a journeyman HOFi of Beogh (Lair:3)
  A two-headed ogre (D:9)
  A spiny frog (Lair:3)
  A komodo dragon (Lair:6)
  Grum (D:9)
  A porcupine (Lair:3)
  An ice beast (D:9)
  3 wolves (D:9)
  A howler monkey skeleton (D:7)
11 creatures vanquished.

Vanquished Creatures (others)
  A vault guard (D:13)
  A naga sharpshooter (Snake:3)
  A naga mage (Snake:3)
  2 centaurs (D:7)
  An orc priest (D:7)
  An orc wizard (Orc:2)
  2 adders (D:7)
  10 fungi (Lair:6)
  14 plants
  4 toadstools (D:7)
37 creatures vanquished.

Grand Total: 936 creatures vanquished

Notes
Turn   | Place    | Note
-------+----------+-------------------------------------------
     0 | D:1      | JeffiDaFish the Minotaur Berserker began the quest for the
                  | Orb.
     0 | D:1      | Reached XP level 1. HP: 19/19 MP: 0/0
    87 | D:1      | Reached skill level 4 in Axes
    87 | D:1      | Reached XP level 2. HP: 27/27 MP: 1/1
   415 | D:1      | Reached XP level 3. HP: 30/33 MP: 2/2
   622 | D:2      | Upgraded the game from 0.23.0-33-g5e6c059 to
                  | 0.23.0-38-g208d714
   631 | D:2      | Reached ** piety under Trog
   810 | D:2      | Found a hide-covered altar of Uskayaw.
   939 | D:2      | Reached XP level 4. HP: 36/41 MP: 3/3
  1126 | D:2      | Found a burning altar of Makhleb.
  1569 | D:3      | Reached XP level 5. HP: 42/47 MP: 4/4
  1619 | D:3      | Reached skill level 5 in Axes
  1663 | D:3      | Reached skill level 5 in Fighting
  1674 | D:3      | Reached *** piety under Trog
  2289 | D:3      | Noticed Terence
  2298 | D:3      | Killed Terence
  2505 | D:3      | Found a glowing golden altar of the Shining One.
  2912 | D:3      | Reached XP level 6. HP: 45/56 MP: 5/5
  3182 | D:4      | Reached skill level 6 in Axes
  3190 | D:4      | Found Piamu's Antique Weapon Shoppe.
  3263 | D:4      | Found a glowing drain.
  3278 | D:4      | Found Zuokh's Antique Weapon Shoppe.
  3316 | Sewer    | Entered a sewer
  3320 | Sewer    | Reached XP level 7. HP: 60/63 MP: 6/6
  3399 | Sewer    | Noticed Purgy
  3410 | Sewer    | Killed Purgy
  3430 | Sewer    | Reached **** piety under Trog
  3496 | D:4      | Bought a war axe for 108 gold pieces
  3757 | D:4      | Reached skill level 7 in Axes
  3928 | D:5      | Entered Level 5 of the Dungeon
  3950 | D:5      | Found a runed translucent door.
  3951 | D:5      | Noticed Crazy Yiuf
  4035 | D:5      | Killed Crazy Yiuf
  4344 | D:5      | Noticed Menkaure
  4347 | D:5      | Killed Menkaure
  4347 | D:5      | Reached skill level 5 in Armour
  4347 | D:5      | Reached XP level 8. HP: 72/73 MP: 7/7
  4522 | D:5      | Reached skill level 8 in Axes
  4522 | D:5      | Reached skill level 5 in Dodging
  4622 | D:5      | Identified the cursed +0 scale mail of Insatiable Hunger
                  | {Int+4} (You found it on level 5 of the Dungeon)
  4832 | D:6      | Reached ***** piety under Trog
  4909 | D:6      | Reached skill level 9 in Axes
  4909 | D:6      | Reached XP level 9. HP: 59/83 MP: 8/8
  5227 | D:7      | Found a staircase to the Ecumenical Temple.
  5394 | D:7      | Found a shimmering altar of Xom.
  5476 | D:7      | Identified the +6 whip "Jumuc" {slash, rPois Int+2} (You
                  | found it on level 7 of the Dungeon)
  5536 | D:7      | Found a shadowy altar of Dithmenos.
  5757 | D:7      | Found a runed translucent gate.
  5757 | D:7      | Found a runed translucent gate.
  5758 | D:7      | Found a runed translucent gate.
  5758 | D:7      | Noticed Gadfly's ghost (novice TrBe)
  5784 | D:7      | Killed Gadfly's ghost
  5784 | D:7      | Reached skill level 10 in Axes
  5968 | D:8      | Noticed Psyche
  5974 | D:8      | Killed Psyche
  5974 | D:8      | Reached skill level 10 in Fighting
  6010 | D:8      | Noticed Joseph
  6018 | D:8      | Killed Joseph
  6034 | D:8      | Reached XP level 10. HP: 85/93 MP: 9/9
  6193 | D:8      | Found Cheibriados's Comfort Zone.
  6194 | D:8      | Found a snail-covered altar of Cheibriados.
  6404 | D:8      | Reached skill level 11 in Axes
  6616 | D:8      | Noticed a three-headed hydra
  6625 | D:8      | Killed a three-headed hydra
  6990 | D:9      | Noticed a two-headed ogre
  7002 | D:9      | Killed a two-headed ogre
  7002 | D:9      | Reached skill level 12 in Axes
  7023 | D:9      | Noticed Grum
  7035 | D:9      | Killed Grum
  7052 | D:9      | Noticed a two-headed ogre
  7058 | D:9      | Killed a two-headed ogre
  7341 | D:9      | Reached XP level 11. HP: 95/102 MP: 10/10
  7510 | D:9      | Found a runed translucent gate.
  7511 | D:9      | Found a runed translucent gate.
  7512 | D:9      | Found a runed translucent gate.
  7512 | D:9      | Found an opulent altar of Gozag.
  7513 | D:9      | Noticed a purple ugly thing
  7513 | D:9      | Noticed bande's ghost (novice GrFi)
  7514 | D:9      | Noticed a brown ugly thing
  7515 | D:9      | Noticed a deep elf mage
  7595 | D:9      | Found a sacrificial altar of Ru.
  7663 | D:9      | Noticed Pikel
  7680 | D:9      | Killed Pikel
  7748 | D:9      | Noticed a two-headed ogre
  7753 | D:9      | Killed a two-headed ogre
  8217 | D:10     | Entered Level 10 of the Dungeon
  8229 | D:10     | Reached skill level 13 in Axes
  8286 | D:10     | Received a gift from Trog
  8387 | D:10     | Found the +9 staff of Olgreb {rPois}
  8475 | D:10     | Found a runed translucent gate.
  8476 | D:10     | Found a runed translucent door.
  8481 | D:10     | Found a runed translucent gate.
  8490 | D:10     | Found a runed translucent gate.
  8493 | D:10     | Found a runed translucent door.
  9299 | D:10     | Found a staircase to the Lair.
  9349 | D:10     | Noticed Sonja
  9699 | D:10     | Killed Sonja
  9808 | Lair:1   | Entered Level 1 of the Lair of Beasts
  9876 | Lair:1   | Reached skill level 10 in Armour
 10245 | Lair:1   | Found a stormy altar of Qazlal.
 10914 | Lair:1   | Reached skill level 14 in Axes
 11366 | Lair:2   | Reached XP level 12. HP: 112/112 MP: 11/11
 11832 | Lair:2   | Found a staircase to the Shoals.
 12275 | Lair:3   | Noticed a five-headed hydra
 12286 | Lair:3   | Killed a five-headed hydra
 12577 | Lair:3   | Reached skill level 10 in Dodging
 12621 | Lair:3   | Noticed Tew's ghost (journeyman HOFi)
 12624 | Lair:3   | Found a runed translucent gate.
 12624 | Lair:3   | Found a runed translucent gate.
 12640 | Lair:3   | Found a runed translucent gate.
 12672 | Lair:3   | Killed Tew's ghost
 13057 | Lair:3   | Reached skill level 15 in Axes
 13231 | Lair:3   | Found a staircase to the Snake Pit.
 14511 | Lair:5   | Received a gift from Trog
 14907 | Lair:5   | Found a viscous altar of Jiyva.
 14907 | Lair:5   | Found a staircase to the Slime Pits.
 15218 | Lair:6   | Entered Level 6 of the Lair of Beasts
 15237 | Lair:6   | Reached XP level 13. HP: 90/122 MP: 4/12
 15615 | Lair:6   | Reached skill level 16 in Axes
 16870 | Lair:6   | Noticed a dire elephant
 16870 | Lair:6   | Noticed a dire elephant
 16880 | Lair:6   | Killed a dire elephant
 16882 | Lair:6   | Killed a dire elephant
 16917 | Lair:6   | Noticed a dire elephant
 16924 | Lair:6   | Killed a dire elephant
 17245 | Lair:6   | Reached skill level 17 in Axes
 17822 | D:11     | Identified a scroll of acquirement
 17825 | D:11     | Got a heavily runed hat
 17831 | D:11     | Identified the +2 hat of Surprise {*Corrode Regen+ Str+5}
                  | (You acquired it on level 11 of the Dungeon)
 18352 | D:12     | Noticed Nessos
 18360 | D:12     | Killed Nessos
 18783 | D:12     | Reached ****** piety under Trog
 18784 | D:12     | Reached XP level 14. HP: 129/132 MP: 4/13
 19101 | D:13     | Found Mytahe Cicaa's Weapon Boutique.
 19246 | D:13     | Found a gate to the Vaults.
 19993 | D:14     | Reached skill level 18 in Axes
 20362 | D:14     | Received a gift from Trog
 20459 | D:14     | Identified the +6 mace of Fimbulwinter {crush, +Rage rPois
                  | Int-3}
 20647 | D:14     | Reached skill level 15 in Fighting
 21081 | D:15     | Entered Level 15 of the Dungeon
 22238 | D:11     | Found a staircase to the Orcish Mines.
 22249 | D:11     | Reached XP level 15. HP: 141/141 MP: 4/14
 22388 | D:11     | Received a gift from Trog
 22551 | D:11     | Identified the +7 mace of the Endless Dances {flame, Int+4}
                  | (You found it on level 11 of the Dungeon)
 22724 | D:15     | Reached skill level 19 in Axes
 22938 | D:15     | Noticed Louise
 22955 | D:15     | Killed Louise
 23429 | D:15     | Noticed a frost giant
 23430 | D:15     | Found a staircase to the Depths.
 23437 | D:15     | Killed a frost giant
 23739 | Orc:1    | Entered Level 1 of the Orcish Mines
 23750 | Orc:1    | Noticed Urug
 23756 | Orc:1    | Killed Urug
 23908 | Orc:1    | Found Oczokk's Book Emporium.
 23908 | Orc:1    | Found Asismot's Gadget Emporium.
 23935 | Orc:1    | Found a roughly hewn altar of Beogh.
 23947 | Orc:1    | Received a gift from Trog
 23947 | Orc:1    | Noticed Harold
 23957 | Orc:1    | Killed Harold
 24240 | Orc:2    | Entered Level 2 of the Orcish Mines
 24395 | Orc:2    | Found a roughly hewn altar of Beogh.
 24660 | Orc:2    | Received a gift from Trog
 24716 | Orc:2    | Found Vugh's Distillery.
 24722 | Orc:2    | Found Xenaming's Book Boutique.
 24722 | Orc:2    | Found Ysholays's Distillery.
 24772 | Orc:2    | Found Amadiokk's Magic Scroll Shop.
 24775 | Orc:2    | Bought a potion of curing for 33 gold pieces
 24775 | Orc:2    | Bought a potion of heal wounds for 55 gold pieces
 24775 | Orc:2    | Bought a potion of curing for 33 gold pieces
 24775 | Orc:2    | Bought a potion of curing for 33 gold pieces
 24775 | Orc:2    | Bought a potion of haste for 110 gold pieces
 24775 | Orc:2    | Bought a potion of haste for 110 gold pieces
 24775 | Orc:2    | Bought a potion of curing for 33 gold pieces
 24777 | Orc:2    | Bought a manual of Maces & Flails for 1545 gold pieces
 24803 | Orc:2    | Reached skill level 15 in Armour
 24964 | Orc:2    | Noticed Erolcha
 24968 | Orc:2    | Killed Erolcha
 24985 | Orc:2    | Found a staircase to the Elven Halls.
 25397 | Orc:2    | Bought a scroll of teleportation for 33 gold pieces
 25397 | Orc:2    | Bought a scroll of enchant armour for 82 gold pieces
 25399 | Orc:2    | Bought a potion of haste for 100 gold pieces
 25399 | Orc:2    | Bought a potion of haste for 100 gold pieces
 25399 | Orc:2    | Bought a potion of haste for 100 gold pieces
 25565 | Snake:1  | Entered Level 1 of the Snake Pit
 25666 | Snake:1  | Noticed Nova322's ghost (adept MiBe)
 25715 | Snake:1  | Found a runed translucent gate.
 25715 | Snake:1  | Found a runed translucent gate.
 25715 | Snake:1  | Found a runed translucent gate.
 26387 | Snake:2  | Noticed a nagaraja
 26396 | Snake:2  | Killed a nagaraja
 26440 | Snake:2  | Noticed a nagaraja
 26458 | Snake:2  | Killed a nagaraja
 26462 | Snake:2  | Noticed a nagaraja
 26475 | Snake:2  | Killed a nagaraja
 26475 | Snake:2  | Reached skill level 20 in Axes
 26475 | Snake:2  | Reached XP level 16. HP: 89/151 MP: 5/15
 26644 | Snake:2  | Received a gift from Trog
 26669 | Snake:2  | Identified the +7 flail "Embalmer" {venom, +Rage rC++
                  | Str+4} (You found it on level 2 of the Snake Pit)
 26969 | Snake:2  | Received a gift from Trog
 27423 | Snake:2  | Got a pitted ruby amulet
 27427 | Snake:2  | Identified the amulet "Hoos" {Acrobat +Blink rN+} (You
                  | found it on level 2 of the Snake Pit)
 28900 | Shoals:1 | Entered Level 1 of the Shoals
 28910 | Shoals:1 | HP: 7/228 [poisoned by a merfolk impaler]
 28911 | Shoals:1 | HP: 3/228 [poisoned by a merfolk impaler]
 28912 | Shoals:1 | Succumbed to a merfolk impaler's poison

Skill      XL: |  1  2  3  4  5  6  7  8  9 10 11 12 13 14 15 16 |
---------------+-------------------------------------------------+-----
Axes           | 4 5 6 7 9 10 12 14 15 17 18 20 | 20.6
Fighting       | 4 5 6 7 9 10 11 12 13 14 15 16 | 16.4
Armour         | 3 4 5 6 7 9 10 11 12 14 15 16 | 16.6
Dodging        | 3 4 5 6 8 9 10 11 12 13 14 | 14.2

Action                   |  1- 3 |  4- 6 |  7- 9 | 10-12 | 13-15 | 16-18 || total
-------------------------+-------+-------+-------+-------+-------+-------++-------
Melee: Hand axe          |    76 |   196 |   100 |   487 |       |       ||   859
       Headbutt          |    14 |    35 |    38 |   131 |   197 |    42 ||   457
       War axe           |       |       |    98 |       |       |       ||    98
       Whip              |       |       |       |    36 |    46 |       ||    82
       Executioner's axe |       |       |       |    14 |   701 |   154 ||   869
       Mace              |       |       |       |       |    14 |       ||    14
Invok: Berserk           |       |     3 |     3 |    10 |     8 |     3 ||    27
       Brothers in Arms  |       |       |     1 |     2 |       |       ||     3
Evoke: Wand              |       |       |       |     4 |       |       ||     4
  Use: Scroll            |     4 |     4 |     6 |     9 |     8 |     2 ||    33
       Potion            |     1 |     4 |     3 |     2 |     4 |     1 ||    15
 Stab: Distracted        |       |       |       |     1 |       |       ||     1
  Eat: Chunk             |       |    10 |     9 |    32 |    41 |    10 ||   102
       Ration            |       |       |     1 |     2 |     1 |       ||     4
Armor: Animal skin       |    25 |       |       |       |       |       ||    25
       Scale mail        |     2 |    75 |    83 |   157 |   170 |       ||   487
       Chain mail        |       |       |       |       |   153 |    79 ||   232
Dodge: Dodged            |    50 |   124 |   122 |   323 |   518 |   139 ||  1276
Block: Other             |       |       |       |     4 |   130 |    25 ||   159
       Reflection        |       |       |       |       |    12 |     4 ||    16
